 Dungeon Crawl Stone Soup version 0.30-a0-859-gf88a04b62d (webtiles) character file.

Game seed: 15888101354930659402

39760 Hubjo the Arsonist (level 12, 0/93 (97) HPs)
             Began as a Demonspawn Fire Elementalist on Mar 6, 2023.
             Was a High Priest of Ru.
             Slain by a wolf spider (11 damage)
             ... on level 1 of the Spider Nest.
             The game lasted 00:46:29 (21673 turns).

Hubjo the Arsonist (Demonspawn Fire Elementalist)  Turns: 21673, Time: 00:46:30

HP:   0/93 (97)     AC: 13    Str:  9    XL:     12   Next: 71%
MP:   25/25         EV: 11    Int: 21    God:    Ru [*****.]
Gold: 1238          SH:  0    Dex: 14    Spells: 13/29 levels left

rFire   x . .      SeeInvis .    F - +3 morningstar (protect)
rCold   + . .      Faith    .    d - orb {*Rage}
rNeg    . . .      Spirit   .    x - +5 steam dragon scales
rPois   +          Reflect  .    D - +2 helmet
rElec   .          Rampage  .    (no cloak)
rCorr   .          Rage     20%  (no gloves)
Will    .....                    (boots unavailable)
Stlth   +++                      o - amulet of regeneration
HPRegen 1.15/turn                f - +4 ring of slaying
MPRegen 0.19/turn                u - ring of poison resistance

@: exhausted, silenced, on berserk cooldown, slowed, lightly drained, very slow
A: hooves 3, powered by pain 1, spiny 2, no potion heal 1, inability to train
dodging, inability to train armour, inexperienced 1, cold resistance 1, heat
vulnerability 1
a: Renounce Religion, Sacrifice an Eye, Sacrifice Arcana, Sacrifice Health,
Reject Sacrifices


You were on level 1 of the Spider Nest.
You worshipped Ru.
Ru was extremely pleased with you.
You visited 4 branches of the dungeon, and saw 16 of its levels.
You also visited: Ossuary.

You collected 1238 gold pieces.

Inventory:

Hand Weapons
 F - a +3 morningstar of protection (weapon)
Missiles
 C - 4 throwing nets
 K - 5 silver boomerangs
Armour
 d - an orb of wrath (worn)
 x - +5 steam dragon scales (worn)
 D - a +2 helmet (worn)
 L - +0 fire dragon scales
Jewellery
 b - a ring of wizardry
 f - a +4 ring of slaying (left hand)
 o - an amulet of regeneration (around neck)
 u - a ring of poison resistance (right hand)
 w - a +6 ring of dexterity
 A - a ring of protection from fire
 N - a ring of protection from cold
Wands
 g - a wand of roots (5)
 h - a wand of light (7)
 s - a wand of paralysis (11)
 t - a wand of flame (48)
 E - a wand of mindburst (8)
Scrolls
 c - 3 scrolls of fog
 k - 10 scrolls of teleportation
 m - 5 scrolls of blinking
 n - a scroll of amnesia
 y - 2 scrolls of identify
 z - 4 scrolls of poison
 G - a scroll of enchant armour
 I - a scroll of enchant weapon
 M - a scroll of brand weapon {unknown}
Potions
 a - a potion of cancellation
 e - 4 potions of might
 i - 5 potions of haste
 j - 8 potions of curing
 l - 2 potions of heal wounds
 p - 14 potions of degeneration
 q - 3 potions of brilliance
 r - 4 potions of lignification
 v - a potion of flight
 H - a potion of berserk rage
 J - a potion of resistance


   Skills:
 + Level 10.2 Fighting
 + Level 7.7 Maces & Flails
 + Level 9.7 Stealth
 + Level 9.0 Spellcasting
 + Level 9.6 Conjurations
 + Level 11.4 Fire Magic


You had 13 spell levels left.
You knew the following spells:

 Your Spells              Type           Power      Damage    Failure   Level
a - Foxfire               Conj/Fire      100%       2x1d9     1%          1
b - Fireball              Conj/Fire      26%        3d12      2%          5
c - Flame Wave            Conj/Fire      52%        2d13      1%          4
d - Starburst             Conj/Fire      26%        6d8       14%         6

Your spell library contained the following spells:

 Spells                   Type           Power      Damage    Failure   Level
 Magic Dart               Conj           100%       1d8       1%          1
 Shock                    Conj/Air       100%       1d9       1%          1
 Scorch                   Fire           100%       2d10      1%          2
 Searing Ray              Conj           100%       2d8       1%          2
 Static Discharge         Conj/Air       58%        2-5/arc   1%          2
 Inner Flame              Hex/Fire       33%        N/A       1%          3
 Kindle Blastsparks       Fire/Tloc/Air  50%        2d14      4%          3
 Apportation              Tloc           18%        N/A       7%          1
 Necrotise                Necr           36%        1d5       7%          1
 Sting                    Tmut/Pois      36%        1d4       7%          1
 Summon Small Mammal      Summ           36%        N/A       7%          1
 Ensorcelled Hibernation  Hex/Ice        18%        N/A       11%         2
 Passwall                 Tmut/Erth      7%         N/A       11%         2
 Poisonous Vapours        Pois/Air       18%        N/A       11%         2
 Sublimation of Blood     Necr           9%         N/A       11%         2
 Gell's Gravitas          Tloc           9%         N/A       22%         3
 Swiftness                Air            9%         N/A       22%         3
 Teleport Other           Tloc           9%         N/A       22%         3
 Vhi's Electric Charge    Tloc/Air       18%        N/A       22%         3
 Arcjolt                  Conj/Air       14%        1d24      26%         5
 Irradiate                Conj/Tmut      14%        3d16      26%         5
 Lightning Bolt           Conj/Air       14%        1d28      26%         5
 Airstrike                Air            4%         2d(1-17)  56%         4
 Animate Armour           Summ/Erth      18%        N/A       56%         4
 Manifold Assault         Tloc           9%         N/A       56%         4
 Olgreb's Toxic Radiance  Pois           9%         N/A       56%         4
 Petrify                  Tmut/Erth      9%         N/A       56%         4
 Iron Shot                Conj/Erth      14%        9d4       83%         6
 Alistair's Intoxication  Tmut/Pois      6%         N/A       89%         5
 Blade Hands              Tmut           4%         N/A       89%         5
 Dispersal                Tloc           4%         N/A       100%        6
 Disjunction              Tloc           4%         N/A       100%        8


Dungeon Overview and Level Annotations

Branches:
Dungeon (11/15)            Temple (1/1) D:4            Lair (3/5) D:11
 Shoals (0/4) Lair:3       Spider (1/4) Lair:3          Orc (0/2) D:9
Ossuary (visited)

Altars:
Ashenzari
Cheibriados
Dithmenos
Fedhas
Hepliaklqana
Kikubaaqudgha
Nemelex Xobeh
Okawaru
Qazlal
Ru
Sif Muna
Trog
Uskayaw
Vehumet
Wu Jian
Yredelemnul

Annotations:
D:3 1 transporter, Rocko1345's ghost, amateur GnWn
D:4 3 runed translucent doors, Juicyj's ghost, amateur MfIE; baller8008's ghost, novice MiFi; osoart's ghost, amateur SpHu
Temple 4 transporters


Innate Abilities, Weirdness & Mutations

You have hooves in place of feet.
You sometimes gain a little power by taking damage.
You are mostly covered in sharp spines.
Potions are less effective at restoring your health.
You cannot train Dodging skill.
You cannot train Armour skill.
You are somewhat inexperienced. (-1 XL)
Your flesh is cold resistant. (rC+)
You are vulnerable to heat. (rF-)


Message History

The jumping spider is struck by your spines.
The jumping spider barely misses you.
The jumping spider bites you but does no damage.
The wolf spider hits you but does no damage.
The wolf spider bites you but does no damage.
You barely miss the jumping spider. You kick the jumping spider.
The jumping spider is almost dead.
The wolf spider hits you!
* * * LOW HITPOINT WARNING * * *
The wolf spider bites you but does no damage.
The jumping spider leaps!
The wolf spider hits you!
* * * LOW HITPOINT WARNING * * *
The wolf spider bites you.
* * * LOW HITPOINT WARNING * * *
You focus your inner power and blind the wolf spider in retribution!
Your system partially rejects the healing.
You feel much better.
The wolf spider hits you but does no damage.
The wolf spider bites you!
* * * LOW HITPOINT WARNING * * *
You focus your inner power and blind the wolf spider in retribution!
The wolf spider is struck by your spines.
The wolf spider hits you!
* * * LOW HITPOINT WARNING * * *
The wolf spider bites you!
* * * LOW HITPOINT WARNING * * *
The jumping spider leaps!
Your system partially rejects the healing.
You feel much better.
The wolf spider is struck by your spines.
The wolf spider hits you.
* * * LOW HITPOINT WARNING * * *
The wolf spider bites you but does no damage.
The wolf spider is struck by your spines.
The wolf spider hits you.
* * * LOW HITPOINT WARNING * * *
The wolf spider bites you!
* * * LOW HITPOINT WARNING * * *
The wolf spider hits you!
You die...

##....####..#..>#
.##ss^
.##.....##..#..###...B
.[#..#.##..[...#^s..
#...#######s...#..#
#...#.#.###.†###.##
.##.....##...#.#°.#
..##.....###...#..#
..#..#######...#s.#
...#......#..#..@## .#
#..#..^..#####...#...#
.....####..........#
.##..#.#.##....##.^#
##...#.......##...^..#
####.)........#####..#
#.....#.#.#.### ..^.
#.....####### .#..
.(#.### # ##..


You could see a wolf spider (blind, corona) and a jumping spider.

Vanquished Creatures
  Nessos (Lair:3)
  Snorg (Lair:3)
  An entropy weaver (Spider:1)
  Harold (D:9)
  2 hydras
  3 boulder beetles
  The ghost of demibob the Slicer, a journeyman DsWn of Okawaru (Lair:1)
  5 two-headed ogres
  A tengu warrior (D:11)
  2 orb spiders (Spider:1)
  A lindwurm (Lair:2)
  A deep elf pyromancer (D:10)
  A wolf spider (Spider:1)
  2 ugly things
  2 cyclopes (D:11)
  11 elephants
  A moth of wrath (Spider:1)
  A demonic crawler (Spider:1)
  2 black mambas
  A torpor snail (Lair:3)
  7 cane toads
  2 kobold demonologists (D:11)
  2 unseen horrors (D:11)
  4 rime drakes
  2 komodo dragons (Lair:3)
  A tengu conjurer (D:11)
  3 merfolk (Lair:3)
  A meliai (Lair:3)
  A hornet (Lair:3)
  12 blink frogs
  Grinder (D:3)
  3 tarantellas (Spider:1)
  3 jumping spiders (Spider:1)
  Sigmund (D:2)
  3 wraiths
  4 wyverns
  28 yaks
  A steam dragon (D:8)
  A basilisk (D:11)
  A redback (Spider:1)
  An acid dragon (D:9)
  6 water moccasins
  2 orc warriors
  4 black bears
  A swamp drake (D:9)
  3 ice beasts
  8 wolves (Lair:2)
  An ogre (D:6)
  3 centaurs
  4 kobold brigands
  A phantom (D:4)
  9 bullfrogs
  2 scorpions
  7 wights
  16 killer bees
  2 howler monkeys
  A hound (D:4)
  A human zombie (D:8)
  3 jellies
  5 orc priests
  3 sleepcaps
  A gnoll bouda (D:7)
  Jessica (D:3)
  2 iguanas
  Natasha (thrice) (D:2)
  8 orc wizards
  Terence (D:3)
  8 mummies (Ossuary)
  11 gnolls
  4 adders
  An ufetubus (D:5)
  2 worms
  2 dart slugs
  30 orcs
  7 endoplasms
  8 goblins
  5 hobgoblins
  3 jackals (D:3)
  21 kobolds
  4 quokkas
  6 ball pythons
  5 bats
  5 frilled lizards
  2 gnoll zombies (Ossuary)
  2 hobgoblin zombies (Ossuary)
  2 jackal zombies (D:8)
  3 kobold zombies (Ossuary)
  An orc zombie (Ossuary)
  3 rats
  A rat zombie (D:8)
357 creatures vanquished.

Vanquished Creatures (collateral kills)
  A foxfire (Lair:3)
1 creature vanquished.

Vanquished Creatures (others)
  A boulder beetle (D:11)
  An orc warrior (D:9)
  An orc wizard (D:7)
  1799 foxfires
  8 fungi
  12 plants
  4 withered plants (D:4)
1826 creatures vanquished.

Grand Total: 2184 creatures vanquished

Notes
Turn   | Place    | Note
-------+----------+-------------------------------------------
     0 | D:1      | Hubjo the Demonspawn Fire Elementalist began the quest for
                  | the Orb.
     0 | D:1      | Reached XP level 1. HP: 13/13 MP: 3/3
   304 | D:1      | Gained mutation: You are partially covered in sharp spines.
                  | [demonic ancestry]
   304 | D:1      | Reached XP level 2. HP: 15/20 MP: 1/5
   371 | D:1      | Reached skill level 1 in Fighting
  1363 | D:2      | Noticed Natasha
  1368 | D:2      | Killed Natasha
  1369 | D:2      | Reached XP level 3. HP: 19/27 MP: 0/6
  1550 | D:2      | Noticed Natasha
  1558 | D:2      | Killed Natasha
  1559 | D:2      | Reached skill level 3 in Fire Magic
  1559 | D:2      | Reached XP level 4. HP: 27/33 MP: 1/7
  1665 | D:2      | Noticed Sigmund
  3429 | D:2      | Killed Sigmund
  3430 | D:2      | Gained mutation: You have large cloven feet. [demonic
                  | ancestry]
  3430 | D:2      | Reached XP level 5. HP: 28/41 MP: 1/9
  3603 | D:2      | Noticed Natasha
  3609 | D:2      | Killed Natasha
  4305 | D:3      | Noticed Jessica
  4308 | D:3      | Killed Jessica
  4309 | D:3      | Gained mutation: You have hoof-like feet. [demonic
                  | ancestry]
  4309 | D:3      | Reached XP level 6. HP: 43/47 MP: 6/10
  4396 | D:3      | Noticed Grinder
  4417 | D:3      | Killed Grinder
  4831 | D:3      | Found a faded altar of an unknown god.
  5011 | D:3      | Found a transporter.
  5014 | D:3      | Found a transporter.
  5014 | D:3      | Noticed Rocko1345's ghost (amateur GnWn)
  5085 | D:3      | Reached XP level 7. HP: 52/54 MP: 2/11
  5116 | D:3      | Prayed at the altar of an unknown god.
  5116 | D:3      | Became a worshipper of Ru the Awakened
  5136 | D:3      | Gained mutation: You cannot train Armour skill. [Ru
                  | sacrifice]
  5136 | D:3      | Reached * piety under Ru
  5197 | D:3      | Noticed Terence
  5213 | D:3      | Killed Terence
  5608 | D:3      | Identified a scroll of acquirement
  5608 | D:3      | Acquired the Vademecum on the Fulgent Cure
  5826 | D:4      | Found a staircase to the Ecumenical Temple.
  5915 | Temple   | Entered the Ecumenical Temple
  5915 | Temple   | Found a transporter.
  5915 | Temple   | Found a transporter.
  5954 | Temple   | Found a transporter.
  5954 | Temple   | Found a transporter.
  6162 | D:4      | Reached skill level 4 in Fire Magic
  6320 | D:4      | Found a blossoming altar of Fedhas.
  6621 | D:4      | Found a radiant altar of Vehumet.
  6794 | D:4      | Found a runed translucent gate.
  6795 | D:4      | Found a runed translucent gate.
  6795 | D:4      | Found a runed translucent gate.
  6796 | D:4      | Noticed osoart's ghost (amateur SpHu)
  6796 | D:4      | Noticed baller8008's ghost (novice MiFi)
  6796 | D:4      | Noticed Juicyj's ghost (amateur MfIE)
  7196 | D:5      | Entered Level 5 of the Dungeon
  7668 | D:5      | Reached XP level 8. HP: 61/61 MP: 4/13
  7851 | D:5      | Found an iron altar of Okawaru.
  7947 | D:5      | Reached skill level 5 in Fire Magic
  8120 | D:5      | Gained mutation: You cannot train Dodging skill. [Ru
                  | sacrifice]
  8120 | D:5      | Reached ** piety under Ru
  8120 | D:5      | Reached *** piety under Ru
  8660 | D:6      | Reached skill level 5 in Fighting
  8925 | D:6      | Found an ancient bone altar of Kikubaaqudgha.
  9274 | D:6      | Learned a level 5 spell: Fireball
  9427 | D:6      | Learned a level 4 spell: Flame Wave
 10041 | D:6      | Reached skill level 1 in Maces & Flails
 10309 | D:7      | Reached skill level 6 in Fire Magic
 10426 | D:7      | Gained mutation: You sometimes gain a little power by
                  | taking damage. [demonic ancestry]
 10426 | D:7      | Reached XP level 9. HP: 68/68 MP: 10/16
 10580 | D:7      | Reached skill level 5 in Stealth
 10653 | D:7      | Reached skill level 5 in Conjurations
 10856 | D:7      | Reached skill level 5 in Spellcasting
 11054 | D:7      | Found a broken altar of Ashenzari.
 11182 | D:7      | Learned a level 6 spell: Starburst
 11189 | D:8      | Noticed a two-headed ogre
 11195 | D:8      | Killed a two-headed ogre
 11413 | D:8      | Reached skill level 7 in Fire Magic
 11517 | D:8      | Found a sand-covered staircase.
 11524 | D:8      | Noticed a two-headed ogre
 11538 | Ossuary  | Entered an ossuary
 11688 | Ossuary  | Gained mutation: You are somewhat inexperienced. (-1 XL)
                  | [Ru sacrifice]
 11688 | Ossuary  | Reached XP level 8. HP: 60/60 MP: 13/16
 11688 | Ossuary  | Reached **** piety under Ru
 11688 | Ossuary  | Reached ***** piety under Ru
 12107 | D:8      | Noticed an angel
 12118 | D:8      | Found a basalt altar of Yredelemnul.
 12205 | D:8      | Killed a two-headed ogre
 12206 | D:8      | Reached XP level 9. HP: 59/71 MP: 5/17
 12338 | D:8      | Found a hide-covered altar of Uskayaw.
 13145 | D:9      | Noticed Harold
 13163 | D:9      | Killed Harold
 13424 | D:9      | Reached skill level 8 in Fire Magic
 13577 | D:9      | Found a staircase to the Orcish Mines.
 13740 | D:9      | Noticed a purple ugly thing
 13746 | D:9      | Killed a purple ugly thing
 14018 | D:10     | Entered Level 10 of the Dungeon
 14018 | D:10     | Found an ornate altar of the Wu Jian Council.
 14210 | D:10     | Found a hazy altar of Hepliaklqana.
 14211 | D:10     | Noticed a two-headed ogre
 14217 | D:10     | Noticed a deep elf pyromancer
 14219 | D:10     | Killed a two-headed ogre
 14219 | D:10     | Killed a deep elf pyromancer
 14220 | D:10     | Reached XP level 10. HP: 49/79 MP: 10/19
 14313 | D:10     | Found a shimmering blue altar of Sif Muna.
 14463 | D:10     | Noticed a purple ugly thing
 14473 | D:10     | Killed a purple ugly thing
 14906 | D:10     | Gained mutation: Potions are less effective at restoring
                  | your health. [Ru sacrifice]
 15188 | D:10     | Gained mutation: You occasionally shout uncontrollably at
                  | your foes. [potion of mutation]
 15188 | D:10     | Gained mutation: You are robust. (+10% HP) [potion of
                  | mutation]
 15188 | D:10     | Gained mutation: You are agile. (Dex +4, Str/Int -1)
                  | [potion of mutation]
 15189 | D:10     | Lost mutation: You are robust. (+10% HP) [potion of
                  | mutation]
 15189 | D:10     | Lost mutation: You are agile. (Dex +4, Str/Int -1) [potion
                  | of mutation]
 15189 | D:10     | Lost mutation: You occasionally shout uncontrollably at
                  | your foes. [potion of mutation]
 15189 | D:10     | Gained mutation: You are vulnerable to heat. (rF-) [potion
                  | of mutation]
 15189 | D:10     | Gained mutation: You have hooves in place of feet. [potion
                  | of mutation]
 15189 | D:10     | Gained mutation: Your flesh is cold resistant. (rC+)
                  | [potion of mutation]
 15374 | D:11     | Noticed a boulder beetle
 15380 | D:11     | Killed a boulder beetle
 15381 | D:11     | Reached skill level 9 in Fire Magic
 15675 | D:11     | Reached skill level 5 in Maces & Flails
 15710 | D:11     | Noticed a two-headed ogre
 15718 | D:11     | Killed a two-headed ogre
 15925 | D:11     | Found a staircase to the Lair.
 16083 | D:11     | Noticed a boulder beetle
 16096 | D:11     | Killed a boulder beetle
 16218 | D:11     | Noticed a two-headed ogre
 16224 | D:11     | Killed a two-headed ogre
 16307 | D:11     | Noticed a tengu warrior
 16313 | D:11     | Killed a tengu warrior
 16490 | D:11     | Gained mutation: You are mostly covered in sharp spines.
                  | [demonic ancestry]
 16490 | D:11     | Reached XP level 11. HP: 59/87 MP: 0/21
 16716 | D:11     | Reached skill level 10 in Fire Magic
 16849 | Lair:1   | Entered Level 1 of the Lair of Beasts
 17347 | Lair:1   | Found a runed translucent gate.
 17348 | Lair:1   | Found a runed translucent gate.
 17349 | Lair:1   | Found a runed translucent gate.
 17508 | Lair:1   | Found a hide-covered altar of Uskayaw.
 17511 | Lair:1   | Found an ornate altar of the Wu Jian Council.
 17511 | Lair:1   | Noticed a boulder beetle
 17537 | Lair:1   | Killed a boulder beetle
 17984 | Lair:1   | Noticed demibob's ghost (journeyman DsWn)
 18316 | Lair:1   | Noticed a nine-headed hydra
 18323 | Lair:1   | Killed a nine-headed hydra
 18323 | Lair:1   | Killed demibob's ghost
 18463 | Lair:2   | Noticed a boulder beetle
 18482 | Lair:2   | Killed a boulder beetle
 19541 | Lair:3   | Noticed a four-headed hydra
 19550 | Lair:3   | Killed a four-headed hydra
 19551 | Lair:3   | Reached XP level 12. HP: 96/96 MP: 13/24
 19793 | Lair:3   | Reached skill level 11 in Fire Magic
 19943 | Lair:3   | Noticed Nessos
 19955 | Lair:3   | Killed Nessos
 20848 | Lair:3   | Noticed Snorg
 20865 | Lair:3   | Killed Snorg
 20866 | Lair:3   | Reached skill level 10 in Fighting
 21057 | Lair:3   | Found a hole to the Spider Nest.
 21116 | Lair:3   | Found a staircase to the Shoals.
 21302 | Spider:1 | Entered Level 1 of the Spider Nest
 21672 | Spider:1 | HP: 4/93 [wolf spider (8)]
 21673 | Spider:1 | Slain by a wolf spider

Illustrated notes

Levels and vault maps discovered:
D:1:      dpeg_arrival_water_fire, layout_loops_ring
D:2:      layout_basic, uniq_natasha, uniq_sigmund
D:3:      layout_basic, dreamdust_ecumenical_altar_statues,
          gammafunk_ghost_mausoleum, uniq_jessica, uniq_grinder, uniq_terence
D:4:      dreamdust_elfheim, layout_basic, lemuel_tele_altar,
          mainiacjoe_overflow_24_doors, minmay_temple_entry_junction,
          serial_glass, glass_columns_c, glass_columns_c,
          gammafunk_ghost_cemetery, nicolae_underground_beach
D:5:      layout_cave_pools, okawaru_metal_pillars_1_2
D:6:      layout_basic, kiku_gazebo_pond_becter, chequers_serial_rivers_small_a
D:7:      layout_gridville, mainiacjoe_overflow_boulevard, enter_bailey_5
D:8:      layout_rooms, grunt_temple_overflow_holy_war,
          nicolae_uskayaw_murder_on_the_dancefloor, enter_ossuary_3
D:9:      layout_roguey, erik_orc_1, uniq_harold
D:10:     layout_roguey, nicolae_overflow_hidden_temple,
          grunt_temple_overflow_open
D:11:     layout_roguey, david_lair_generic, serial_shops, bzr_firewalk
Temple:   hellmonk_temple_divided_pantheon
Lair:1:   layout_hall_layers, gammafunk_ghost_hydra_chop,
          nzn_masters_of_martial_movement
Lair:2:   layout_concentric_octagons, chequers_serial_rivers_small_a,
          infiniplex_staircase_pool, grunt_megastairs_1, serial_bayou_shore_b
Lair:3:   layout_hall_layers, elwin_shoals_entry_rooms,
          hellmonk_spider_entry_not_the_bees, uniq_snorg, uniq_nessos
Spider:1: layout_spider_delve

Skill      XL: |  1  2  3  4  5  6  7  8  9 10 11 12 |
---------------+-------------------------------------+-----
Fighting       | 1 2 3 4 5 7 8 9 10 | 10.2
Stealth        | 2 3 4 6 7 8 9 |  9.7
Fire Magic     | 3 4 6 8 9 10 11 | 11.4
Conjurations   | 2 3 4 6 7 8 9 |  9.6
Spellcasting   | 3 4 6 7 8 9 |  9.0
Dodging        | 0 |  0.0
Maces & Flails | 3 4 5 6 7 |  7.7

Action                     |  1- 3 |  4- 6 |  7- 9 | 10-12 || total
---------------------------+-------+-------+-------+-------++-------
  Melee: Unarmed           |    15 |    11 |    13 |       ||    39
         Kick              |       |     6 |    20 |    64 ||    90
         Flail             |       |       |     9 |       ||     9
         Morningstar       |       |       |    43 |   153 ||   196
         Dagger            |       |       |     1 |       ||     1
   Cast: Foxfire           |    52 |   131 |   532 |   333 ||  1048
         Fireball          |       |       |     3 |    17 ||    20
         Flame Wave        |       |       |     1 |       ||     1
         Starburst         |       |       |       |     5 ||     5
 Invoke: Sacrifice Durabil |       |       |     1 |       ||     1
         Apocalypse        |       |       |     3 |    15 ||    18
         Sacrifice Nimblen |       |       |     1 |       ||     1
         Sacrifice Experie |       |       |     1 |       ||     1
         Draw Out Power    |       |       |     1 |       ||     1
         Sacrifice Purity  |       |       |       |     1 ||     1
    Use: Scroll            |     1 |       |    20 |     7 ||    28
         Potion            |       |       |     1 |    13 ||    14
   Stab: Paralysed         |       |       |     4 |     6 ||    10
         Distracted        |       |       |     1 |       ||     1
         Invisible         |       |       |       |     2 ||     2
 Armour: Robe              |     2 |       |     5 |       ||     7
         Steam dragon scal |       |       |    13 |   114 ||   127
         Skin              |       |       |       |     1 ||     1
  Dodge: Dodged            |    12 |     8 |    65 |   103 ||   188

Table legend: (Time is in decaauts)
 A = Elapsed time spent in this place.
 B = Non-inter-level travel time spent in this place.
 C = Inter-level travel time spent in this place.
 D = Time resting spent in this place.
 E = Time spent auto-exploring this place.
 F = Levels seen in this place.
 G = Mean time per level.
                   A        B        C        D        E       F      G
               +--------+--------+--------+--------+--------+-----+--------+
         Total |  22071 |  20940 |   1131 |   3282 |  14937 |  17 | 1298.3 |
       Dungeon |  16534 |  15864 |    670 |   2594 |  11454 |  11 | 1503.1 |
        Temple |     52 |     52 |      0 |      0 |     39 |   1 |   52.0 |
          Lair |   4709 |   4249 |    460 |    687 |   2873 |   3 | 1569.7 |
   Spider Nest |    294 |    293 |      1 |      0 |    199 |   1 |  294.0 |
       Ossuary |    479 |    479 |      0 |      0 |    372 |   1 |  479.0 |
               +--------+--------+--------+--------+--------+-----+--------+

Top non-repeatable levels by time:
     D:2: 2942 daAuts
  Lair:3: 2087 daAuts
     D:6: 1667 daAuts
  Lair:1: 1647 daAuts
    D:11: 1534 daAuts
     D:9: 1527 daAuts
     D:3: 1503 daAuts
     D:5: 1465 daAuts
    D:10: 1389 daAuts
     D:1: 1362 daAuts
     D:4: 1338 daAuts
  Lair:2: 974 daAuts
     D:7: 912 daAuts
     D:8: 891 daAuts
 Ossuary: 479 daAuts
